 Dungeon Crawl Stone Soup version 0.18-a0-20-gaede791 (webtiles) character file.

353 Ordine the Insei (level 6, -3/56 HPs)
             Began as a Draconian Monk on Nov 2, 2015.
             Was an Initiate of Ru.
             Slain by a phantom (9 damage)
             ... on level 4 of the Dungeon.
             The game lasted 00:08:44 (4130 turns).

Ordine the Insei (Draconian Monk)                   Turns: 4130, Time: 00:08:45

Health: -3/56      AC:  8    Str: 13    XL:     6   Next: 35%
Magic:  6/6        EV: 13    Int: 11    God:    Ru [......]
Gold:   223        SH:  0    Dex: 15    Spells: 0 memorised, 5 levels left

rFire  . . .     SeeInvis .       - Unarmed
rCold  . . .     Clarity  .     (armour unavailable)
rNeg   . . .     SustAt   .     (no shield)
rPois  +         Gourm    .     (helmet restricted)
rElec  .         Spirit   .     q - +0 cloak
rCorr  .         Warding  .     (no gloves)
rMut   .         Stasis   .     e - +0 pair of boots
MR     .....                    (no amulet)
Stlth  ..........               (no ring)
                                p - ring of poison resistance

@: not resistant to hostile enchantments, extremely unstealthy
A: unfitting armour, cold-blooded, no stealth, AC +6
a: Renounce Religion


You were on level 4 of the Dungeon.
You worshipped Ru.
Ru was noncommittal.
You were hungry.

You visited 1 branch of the dungeon, and saw 4 of its levels.

You collected 223 gold pieces.

Inventory:

Armour
 e - a +0 pair of boots (worn)
 q - a +0 cloak (worn)
Jewellery
 p - a ring of poison resistance (left hand)
Scrolls
 o - 5 scrolls of remove curse
Potions
 c - a potion of agility {unknown}
 g - 2 potions of might {unknown}
 h - a potion of experience {unknown}
 k - 2 potions of ambrosia {unknown}
 l - a potion of brilliance {unknown}
 m - a potion of lignification {unknown}
 n - a potion of cure mutation
Comestibles
 a - 6 bread rations
 b - 2 meat rations
 i - a royal jelly
 r - 2 slices of pizza


   Skills:
 + Level 5.1 Fighting
 - Level 2.6 Dodging
 * Level 6.8 Unarmed Combat


You had 5 spell levels left.
You didn't know any spells.

Dungeon Overview and Level Annotations

Branches:
Dungeon (4/15)
 Temple: D:4-7

Altars:
Dithmenos
Elyvilon
Makhleb
Ru


Innate Abilities, Weirdness & Mutations

Your plain brown scales are hard (AC +6).
Your body does not fit into most forms of armour.
You are cold-blooded and may be slowed by cold attacks.
You cannot be stealthy.


Message History

You closely miss the phantom. Your punch misses the phantom.
The phantom is severely damaged.
The phantom hits you!
* * * LOW HITPOINT WARNING * * *
The phantom blinks!
The quokka misses you.
You are too injured to fight recklessly!
You are too injured to fight recklessly!
You are too injured to fight recklessly!
You hit the quokka.
You kill the quokka!
The phantom blinks!
The phantom barely misses you.
You hit the phantom but do no damage.
The phantom is severely damaged.
The phantom hits you!
* * * LOW HITPOINT WARNING * * *
You closely miss the phantom. You tail-slap the phantom.
The phantom is almost destroyed.
The phantom hits you!
You die...

.............+........#
#########
.............#........#
.............###'######
.............# #.#
.............# #.######
#......# #......#
#W.....# #@.....#
#......# ##'######
#.......# #.......#
#......[# .........#
###.......# #.......#


You could see a phantom.

Vanquished Creatures
  3 hounds
  A worker ant (D:4)
  2 orc priests (D:3)
  Robin (D:2)
  6 gnolls
  An adder (D:2)
  3 worms
  3 giant geckos
  4 orcs (D:3)
  5 giant cockroaches
  17 goblins
  7 hobgoblins
  10 jackals
  6 kobolds
  2 quokkas (D:4)
  2 ball pythons
  3 bats
  5 giant newts
  6 rats
87 creatures vanquished.

Notes
Turn   | Place    | Note
--------------------------------------------------------------
     0 | D:1      | Ordine the Draconian Monk began the quest for the Orb.
     0 | D:1      | Reached XP level 1. HP: 19/19 MP: 1/1
   242 | D:1      | Reached XP level 2. HP: 26/26 MP: 2/2
   696 | D:1      | Reached XP level 3. HP: 31/33 MP: 3/3
   874 | D:2      | Noticed Robin
  1086 | D:2      | Killed Robin
  1282 | D:1      | Reached skill level 5 in Unarmed Combat
  1358 | D:2      | Reached XP level 4. HP: 40/40 MP: 4/4
  1394 | D:2      | Found a burning altar of Makhleb.
  1604 | D:2      | Found a shadowy altar of Dithmenos.
  1757 | D:2      | Reached XP level 5. HP: 47/47 MP: 5/5
  2192 | D:3      | Found a white marble altar of Elyvilon.
  2287 | D:3      | Reached skill level 6 in Unarmed Combat
  3044 | D:4      | Found a sacrificial altar of Ru.
  3057 | D:4      | Became a worshipper of Ru the Awakened
  3062 | D:4      | Gained mutation: You cannot be stealthy. [Ru sacrifice]
  3158 | D:4      | Reached skill level 5 in Fighting
  3158 | D:4      | Reached XP level 6. HP: 46/56 MP: 6/6
  3728 | D:4      | HP: 1/56 [ogre/giant spiked club (32)]
  4130 | D:4      | Slain by a phantom

Vault maps used:
D:1:      nagdon_arrival_double_spiral, minmay_crystal_room
D:2:      lemuel_doored_altar, minivault_11, makhleb_heckhound_becter,
          uniq_robin
D:3:      elyvilon_altar_3
D:4:      kennysheep_mini_moat, nicolae_ru_awakened_eye

Action                   |  1- 3 |  4- 6 || total
-------------------------+-------+-------++-------
Melee: Unarmed           |   128 |   211 ||   339
Invok: Sacrifice Stealth |       |     1 ||     1
  Use: Scroll            |     4 |     5 ||     9
       Potion            |       |     4 ||     4
 Stab: Sleeping          |     1 |     2 ||     3
  Eat: Chunk             |     2 |     8 ||    10
